 Dungeon Crawl Stone Soup version 0.30-a0-782-ge64f9170bb (webtiles) character file.

Game seed: 1448320615059389552

56 Dirtsage the Chopper (level 3, 0/29 HPs)
             Began as a Demonspawn Fighter on Mar 15, 2023.
             Succumbed to Sigmund's poison
             ... on level 2 of the Dungeon.
             The game lasted 00:04:09 (1076 turns).

Dirtsage the Chopper (Demonspawn Fighter)           Turns: 1076, Time: 00:04:10

Health: 0/29       AC: 10    Str: 15 (18) XL:     3   Next: 71%
Magic:  1/3        EV:  8    Int:  8 (9)  God:
Gold:   90         SH:  4    Dex:  9 (12) Spells: 2/2 levels left

rFire   . . .      SeeInvis .    a - +0 war axe
rCold   . . .      Faith    .    c - +0 buckler
rNeg    . . .      Spirit   +    b - +0 scale mail
rPois   .          Reflect  .    (no helmet)
rElec   .          Harm     .    (no cloak)
rCorr   .          Rampage  .    (no gloves)
Will    .....                    (no boots) Stlth
                                 i - amulet of the acrobat
HPRegen 0.24/turn                m - +4 ring of protection
MPRegen 0.16/turn                (no ring)

@: mighty, lethally poisoned (0 -> -4), hasted, very quick
A: magic shield, magic regeneration
a: no special abilities


You were on level 2 of the Dungeon.
You visited 1 branch of the dungeon, and saw 2 of its levels.

You collected 90 gold pieces.

Inventory:

Hand Weapons
 a - a +0 war axe (weapon)
Armour
 b - a +0 scale mail (worn)
 c - a +0 buckler (worn)
Jewellery
 i - an amulet of the acrobat (around neck)
 m - a +4 ring of protection (left hand)
Scrolls
 e - a scroll of enchant weapon {unknown}
 f - 2 scrolls of identify {unknown}
 g - a scroll of immolation {unknown}
 j - a scroll of noise {unknown}
 k - a scroll of vulnerability {unknown}
 l - a scroll of poison {unknown}
Potions
 h - 2 potions of haste


   Skills:
 - Level 3.0 Fighting
 + Level 3.7 Axes
 - Level 2.6 Armour
 - Level 2.6 Shields


You had 2 spell levels left.
You didn't know any spells.
Your spell library contained the following spells:

 Spells                   Type           Power      Damage    Failure   Level
 Apportation              Tloc           0%         N/A       92%         1
 Alistair's Intoxication  Tmut/Pois      0%         N/A       100%        5


Dungeon Overview and Level Annotations

Branches:
Dungeon (2/15)

Altars:

Annotations:
D:2 Sigmund


Innate Abilities, Weirdness & Mutations

When hurt, damage is shared between your health and your magic reserves.
You regenerate magic rapidly.


Message History

The kobold hits you but does no damage.
You slash the kobold!
You kill the kobold!
Something hits you!
You are poisoned.
Things that are here:
a +0 short sword; a kobold corpse You take 7 damage, and have 22/29 hp.
MASSIVE DAMAGE!!
You closely miss something.
You feel very sick. Something hits you!
You take 11 damage, and have 11/29 hp.
MASSIVE DAMAGE!!
You now have 2/3 mp.
You barely miss something.
You feel sick. Something hits you but does no damage.
You are lethally poisoned!
You take 2 damage, and have 9/29 hp.
It was a potion of haste.
You feel yourself speed up.
h - 2 potions of haste;
g - a scroll labelled VON YLIKLURPH
* * * LOW HITPOINT WARNING * * *
You feel sick.
You hear some strange, mumbled words.
A puff of flame appears from out of thin air!
The puff of flame hits you.
* * * LOW HITPOINT WARNING * * *
You take 5 damage, and have 4/29 hp.
You now have 1/3 mp.
You closely miss something.
* * * LOW HITPOINT WARNING * * *
You feel sick.
You take 2 damage, and have 2/29 hp.
It was a potion of degeneration.
There was something very wrong with that liquid.
You feel weakened.
You feel dopey.
You feel clumsy.
* * * LOW HITPOINT WARNING * * *
You feel sick. Something hits you but does no damage.
You miss something.
* * * LOW HITPOINT WARNING * * *
You feel sick.
You take 1 damage, and have 1/29 hp.
You closely miss something.
You die...

#.# ..( #.# #.#
#.# #.# #{# #.
##@# #. ##..#
###.# #=..#
.#...##########.##
.............##.#
#........##.##.#
.##...###.##.##.#
.........†......#
.##...###.##.####


There were no monsters in sight!

Vanquished Creatures
  Natasha (D:2)
  A worm (D:2)
  A bat (D:1)
  4 endoplasms
  A giant cockroach (D:2)
  5 hobgoblins
  6 kobolds
  A quokka (D:1)
  2 ball pythons
  2 goblins
  3 rats
27 creatures vanquished.

Notes
Turn   | Place    | Note
-------+----------+-------------------------------------------
     0 | D:1      | Dirtsage the Demonspawn Fighter began the quest for the
                  | Orb.
     0 | D:1      | Reached XP level 1. HP: 18/18 MP: 1/1
   170 | D:1      | Gained mutation: You regenerate magic rapidly. [demonic
                  | ancestry]
   170 | D:1      | Reached XP level 2. HP: 24/24 MP: 2/2
   901 | D:2      | Gained mutation: When hurt, damage is shared between your
                  | health and your magic reserves. [demonic ancestry]
   901 | D:2      | Reached XP level 3. HP: 20/29 MP: 3/3
   966 | D:2      | Noticed Natasha
   973 | D:2      | Killed Natasha
  1063 | D:2      | Noticed Sigmund
  1075 | D:2      | HP: 1/29 [poisoned by Sigmund]
  1076 | D:2      | Succumbed to Sigmund's poison

Illustrated notes

Levels and vault maps discovered:
D:1:      psy_arrival_terrarium, layout_basic
D:2:      layout_loops_corners, shapermc_ecumenical_altar_mp_vishouse,
          minmay_pentomino_v4, uniq_sigmund, uniq_natasha

Skill      XL: |  1  2 |
---------------+-------+-----
Axes           | 2 3 |  3.7
Fighting       | |  3.0
Armour         | |  2.6
Shields        | |  2.6

Action                     || total
---------------------------++-------
  Melee: War axe           ||    82
    Use: Potion            ||     3
 Armour: Scale mail        ||    28
  Dodge: Dodged            ||    28
  Block: Buckler           ||    14

Table legend: (Time is in decaauts)
 A = Elapsed time spent in this place.
 B = Non-inter-level travel time spent in this place.
 C = Inter-level travel time spent in this place.
 D = Time resting spent in this place.
 E = Time spent auto-exploring this place.
 F = Levels seen in this place.
 G = Mean time per level.
                   A        B        C        D        E       F      G
               +--------+--------+--------+--------+--------+-----+--------+
         Total |   1106 |   1101 |      5 |      0 |    888 |   2 |  553.0 |
       Dungeon |   1106 |   1101 |      5 |      0 |    888 |   2 |  553.0 |
               +--------+--------+--------+--------+--------+-----+--------+

Top non-repeatable levels by time:
     D:1: 593 daAuts
     D:2: 512 daAuts
